 Dungeon Crawl Stone Soup version 0.29-a0-486-ga88943ba61 (console) character file.

Game seed: 17922462521288052046

245 Faeu the Covert (level 5, -3/30 HPs)
             Began as a Vampire Gladiator on May 26, 2022.
             Slain by an iguana (10 damage)
             ... on level 5 of the Dungeon.
             The game lasted 00:05:07 (2715 turns).

Faeu the Covert (Vampire Gladiator)                 Turns: 2715, Time: 00:05:08

Health: -3/30      AC:  5    Str: 13    XL:     5   Next: 84%
Magic:  5/5        EV: 13    Int: 11    God:
Gold:   204        SH:  0    Dex: 17    Spells: 4/4 levels left

rFire   . . .      SeeInvis +   a - +0 rapier {short}
rCold   + + .      Faith    .   (no shield)
rNeg    + + +      Spirit   .   b - +0 leather armour
rPois   ∞          Reflect  .   c - +0 helmet
rElec   .          Harm     .   l - scarf {+Inv}
rCorr   .          Rampage  .   B - +0 pair of gloves
Will    .....                   (no boots)
Stlth   ++++++....              (no amulet)
HPRegen 0.00/turn               (no ring)
MPRegen 0.09/turn               (no ring)

@: bloodless, inhibited regen
A: bloodless, fangs 3, see invisible, vampiric 2
a: Bat Form, Revivify, Evoke Invisibility


You were on level 5 of the Dungeon.
You visited 1 branch of the dungeon, and saw 5 of its levels.

You collected 204 gold pieces.


Innate Abilities, Weirdness & Mutations

You do not regenerate when monsters are visible.
You are frail without blood (-20% HP).
You can heal yourself when you bite living creatures.
You are immune to poison.
You have razor-sharp teeth.
You have supernaturally acute eyesight. (SInv)
You are afflicted with vampirism and can become a bat while bloodless.


   Skills:
 - Level 1.7 Fighting
 - Level 3.2 Short Blades
 - Level 1.5 Throwing
 - Level 3.2 Dodging
 + Level 9.1 Stealth


You had 4 spell levels left.
You didn't know any spells.
Your spell library contained the following spells:

 Spells                   Type           Power      Damage    Failure   Level
 Apportation              Tloc           0%         N/A       41%         1
 Necrotize                Necr           0%         1d4       41%         1
 Summon Small Mammal      Summ           0%         N/A       41%         1

Inventory:

Hand Weapons
 a - a +0 rapier (weapon) {short}
 u - a +3 dagger of speed {short}
   (You took it off a goblin on level 3 of the Dungeon)
 w - a +0 spear of venom {polearm}
   (You took it off Robin on level 3 of the Dungeon)
 J - a +1 hand axe of draining {axe}
   (You took it off an orc on level 5 of the Dungeon)
Missiles
 d - 3 throwing nets (quivered) {=f!fthrowing}
 e - a javelin {throwing}
 p - 29 stones {throwing}
 y - 19 poisoned darts {throwing}
Armour
 b - a +0 leather armour (worn)
 c - a +0 helmet (worn)
 k - a +0 ring mail
   (You found it on level 1 of the Dungeon)
 l - a scarf of invisibility (worn)
   (You found it on level 1 of the Dungeon)
 m - a +0 robe
   (You found it on level 2 of the Dungeon)
 o - a +0 robe
   (You found it on level 2 of the Dungeon)
 t - the +1 ring mail "Ipnuboz" {rPois rC- rN++ Int+4}
   (You took it off a kobold on level 2 of the Dungeon)

   Int:       It affects your intelligence (+4).
   rC:        It makes you vulnerable to cold.
   rPois:     It protects you from poison.
   rN:        It greatly protects you from negative energy.
 v - a +0 animal skin
   (You took it off Robin on level 3 of the Dungeon)
 x - a +0 leather armour
   (You found it on level 3 of the Dungeon)
 A - a +0 leather armour
   (You found it on level 3 of the Dungeon)
 B - a +0 pair of gloves (worn)
   (You found it on level 4 of the Dungeon)
 E - a +0 robe
   (You found it on level 4 of the Dungeon)
 H - a +0 leather armour
   (You found it on level 4 of the Dungeon)
Magical Staves
 z - a staff of earth {!astaff}
   (You found it on level 3 of the Dungeon)
Jewellery
 C - an amulet of the acrobat
   (You found it on level 4 of the Dungeon)
Wands
 F - a wand of flame (2)
   (You took it off a hobgoblin on level 4 of the Dungeon)
Scrolls
 f - 2 scrolls of enchant armour {unknown}
 g - 4 scrolls of identify {unknown}
 h - 3 scrolls of teleportation {unknown}
 i - 2 scrolls of fog {unknown}
 j - a scroll of noise {unknown}
 I - a scroll of vulnerability {unknown}
Potions
 n - 2 potions of brilliance {unknown}
 q - a potion of mutation {unknown}
 r - 2 potions of curing {unknown}
 s - a potion of haste {unknown}
 D - 2 potions of lignification {unknown}
 G - a potion of heal wounds {unknown}

Dungeon Overview and Level Annotations

Branches:
Dungeon (5/15)
 Temple: D:4-7

Altars:
Uskayaw

Shops:
D:1 ((!=   D:2 [[(

Annotations:
D:3 Sigmund

.# .######.##.# .....#
..#.# ##.# ...#.###.#.##
#..# ............ ...#
............ #..#
....####..>####..#
.#...............#
<............##.########
###.######.#....@l......
# #.# #.#.########### #
#.# #.#.# + #.# #.#.#
###.######.#.#
.........#.#†#
###.####.#.#.. ....#
#.#.#### ########.#.#
.........#.#
##########.#


You could see an iguana.


Message History

A black bear is nearby!
The helpless black bear fails to defend itself.
You bite the black bear, and draw its blood!
You impale the black bear!! You bite the black bear.
The black bear completely misses you.
The black bear claws you but does no damage.
The black bear claws you. 😕 HP[-4]
You take 4 damage, and now have 26/30 hp.
You hit the black bear.
You kill the black bear!
Your Stealth skill gained 2 levels and is now at level 9!
C - an amulet of the acrobat No target in view! 😎 HP[+4]
g - 4 scrolls labelled BUREFFYGUKK (gained 1)
You now have 204 gold pieces (gained 13).
D - a metallic coppery potion No target in view!
A ball python comes into view.
A ball python is nearby!
There is a stone staircase leading down here.
A ball python is nearby!
A ball python is nearby!
A ball python is nearby!
A ball python is nearby!
The helpless ball python fails to defend itself.
You bite the ball python, and draw its blood!
You impale the ball python!!
You kill the ball python!
E - a +0 robe A dart slug comes into view.
A dart slug is nearby!
A dart slug is nearby!
A dart slug is nearby!
A dart slug is nearby!
An orc warrior, an iguana, a hobgoblin and an adder come into view.
The hobgoblin is carrying a wand of flame (2).
There are monsters nearby!
You hit the dart slug. The dart slug launches a dart at you.
The slug dart misses you. The dart slug launches a dart at you.
The slug dart hits you but does no damage.
The dart slug launches a dart at you.
The slug dart hits you but does no damage.
You see here a +0 leather armour.
You catch the helpless hobgoblin completely off-guard!
You bite the hobgoblin, and draw its blood!
You impale the hobgoblin!!
You kill the hobgoblin!
F - a wand of flame (2)
You see here a hobgoblin corpse.
G - an inky potion A lemure comes into view.
A lemure is nearby!
A lemure comes into view.
H - a +0 leather armour
There is a stone staircase leading down here.
You climb downwards.
There is a stone staircase leading up here.
The helpless orc fails to defend itself.
You bite the orc, and draw its blood! You impale the orc!!
You kill the orc!
There is a stone staircase leading up here.
You see here a +0 barding.
I - a scroll labelled ASOCVA LEFO You see here a +0 barding.
There is a stone staircase leading up here.
J - a +1 hand axe of draining {axe} No target in view!
D - 2 metallic coppery potions (gained 1)
An adder comes into view.
An iguana comes into view.
The helpless adder fails to defend itself.
You bite the adder, and draw its blood! You impale the adder!!
You kill the adder!
You barely miss the iguana. The iguana bites you. 😕 HP[-4]
You take 4 damage, and now have 26/30 hp.
You puncture the iguana! The iguana bites you. 😮 HP[-5]
You take 5 damage, and now have 21/30 hp.
You barely miss the iguana. You bite the iguana, but do no damage.
The iguana bites you. 😮 HP[-5]
You take 5 damage, and now have 16/30 hp.
You hit the iguana. You bite the iguana, but do no damage.
The iguana bites you!
* * * LOW HITPOINT WARNING * * *
😱 HP[-9]
You take 9 damage, and now have 7/30 hp.
MASSIVE DAMAGE!! (PAUSE)
You closely miss the iguana. The iguana barely misses you.
You hit the iguana.
The iguana hisses menacingly.
The iguana closely misses you.
You closely miss the iguana. You bite the iguana, but do no damage.
The iguana bites you!
You die...

Skill      XL: |  1  2  3  4  5 |
---------------+----------------+-----
Stealth        | 2 4 6 7 9 |  9.1
Fighting       | |  1.7
Short Blades   | |  3.2
Throwing       | |  1.5
Dodging        | |  3.2

Action                   |  1- 3 |  4- 6 || total
-------------------------+-------+-------++-------
Melee: Rapier            |    86 |    97 ||   183
       Bite              |     4 |    12 ||    16
       Punch             |     1 |       ||     1
 Abil: Exsanguinate      |     1 |       ||     1
 Stab: Sleeping          |     9 |    21 ||    30
       Distracted        |       |     1 ||     1
Armor: Leather armour    |    28 |    17 ||    45
Dodge: Dodged            |    70 |    61 ||   131

Levels and vault maps discovered:
D:1:      shiori_arrival_whats_in_store_for_you, layout_loops_ring,
          hellmonk_ecumenical_altar_slurped_away, serial_shops,
          nicolae_lakefront_shop, shop_fountains, shop, shop
D:2:      layout_loops_ring, basic_altar, serial_shops, nicolae_lakefront_shop,
          shop, nicolae_shop_advertising_works [nicolae_subvault_shop_adworks],
          minmay_splitting_lines
D:3:      layout_basic, st_stairs_10, minivault_24, uniq_robin, uniq_sigmund
D:4:      layout_loops_ring, hangedman_minor_gate_pass, uniq_natasha, uniq_pikel
D:5:      minmay_octagon_keep, layout_basic, uniq_eustachio

Notes
Turn   | Place    | Note
-------+----------+-------------------------------------------
     0 | D:1      | Faeu the Vampire Gladiator began the quest for the Orb.
     0 | D:1      | Reached XP level 1. HP: 16/16 MP: 1/1
     0 | D:1      | magus.rc [v1.9.6]
    13 | D:1      | Noticed a minotaur skeleton
    16 | D:1      | Noticed a minotaur skeleton
    50 | D:1      | Found a faded altar of an unknown god.
    57 | D:1      | Reached skill level 1 in Stealth
   108 | D:1      | Reached skill level 2 in Stealth
   161 | D:1      | Found Bulieske's Jewellery Shoppe.
   245 | D:1      | Reached XP level 2. HP: 22/22 MP: 2/2
   251 | D:1      | Found Qavurozet's Distillery.
   254 | D:1      | Reached skill level 3 in Stealth
   375 | D:1      | Found Huzom's Weapon Emporium.
   409 | D:1      | Found Vumixted's Antique Weapon Boutique.
   755 | D:1      | HP: 5/22 [poisoned by an adder]
   759 | D:1      | Reached skill level 4 in Stealth
   759 | D:1      | Gained mutation: You are afflicted with vampirism and can
                  | become a bat while bloodless. [Vampire growth]
   759 | D:1      | Reached XP level 3. HP: 5/27 MP: 3/3
   874 | D:2      | Found a hide-covered altar of Uskayaw.
   901 | D:2      | Reached skill level 5 in Stealth
   923 | D:2      | Found Vyguh's Antique Weapon Shoppe.
  1188 | D:2      | Reached skill level 6 in Stealth
  1188 | D:2      | Reached XP level 4. HP: 25/26 MP: 4/4
  1339 | D:2      | Found Zack's Armour Emporium.
  1453 | D:2      | Found Uffosky's Armour Shoppe.
  1538 | D:2      | Identified the +1 ring mail "Ipnuboz" {rPois rC- rN++
                  | Int+4}
  1655 | D:3      | Noticed Robin
  1656 | D:3      | Killed Robin
  1877 | D:3      | You pick up a book of Cantrips and begin reading...
  1877 | D:3      | You add the spells Necrotize, Summon Small Mammal and
                  | Apportation to your library.
  1937 | D:3      | Reached skill level 7 in Stealth
  2217 | D:3      | Noticed Sigmund
  2355 | D:4      | Reached XP level 5. HP: 30/30 MP: 5/5
  2361 | D:4      | Noticed a black bear
  2369 | D:4      | Killed a black bear
  2370 | D:4      | Reached skill level 9 in Stealth
  2518 | D:4      | Noticed an orc warrior
  2565 | D:4      | Noticed a lemure
  2566 | D:4      | Noticed a lemure
  2608 | D:5      | Entered Level 5 of the Dungeon
  2712 | D:5      | HP: 7/30 [iguana (9)]
  2715 | D:5      | Slain by an iguana

Vanquished Creatures
  A black bear (D:4)
  Robin (D:3)
  6 adders
  A dart slug (D:4)
  An orc (D:5)
  8 endoplasms
  5 giant cockroaches
  11 goblins
  8 hobgoblins
  9 jackals
  A quokka (D:3)
  6 ball pythons
  4 bats
  5 frilled lizards
  8 kobolds
  6 rats
81 creatures vanquished.

Table legend:
 A = Non-vault XP
 B = Vault XP
 C = Vault XP percentage of total XP
 D = Non-vault monster count
 E = Vault monster count
 F = Vault count percentage of total count
                 A         B        C        D         E       F
            +---------+---------+-------+---------+---------+-------
      Total |     311 |      40 |  11.4 |      67 |      14 |  17.3
            +---------+---------+-------+---------+---------+-------
        D:1 |      39 |       2 |   4.9 |      18 |       1 |   5.3
        D:2 |      75 |       6 |   7.4 |      24 |       3 |  11.1
        D:3 |      21 |      32 |  60.4 |      14 |      10 |  41.7
        D:4 |     160 |       0 |   0.0 |       9 |       0 |   0.0
        D:5 |      16 |       0 |   0.0 |       2 |       0 |   0.0
            +---------+---------+-------+---------+---------+-------

Illustrated notes

Table legend:
 A = Kills in this place as a percentage of kills in entire the game.
 B = Kills by you in this place as a percentage of kills by you in the entire game.
 C = Kills by friends in this place as a percentage of kills by friends in the entire game.
 D = Other kills in this place as a percentage of other kills in the entire game.
 E = Experience gained in this place as a percentage of experience gained in the entire game.
 F = Experience gained in this place divided by the number of levels of this place that you have seen.
                   A       B       C       D       E      F
               +-------+-------+-------+-------+-------+----------------------
         Total | 100.0 | 100.0 |   N/A |   N/A | 100.0 |  70.2
       Dungeon | 100.0 | 100.0 |   N/A |   N/A | 100.0 |  70.2
               +-------+-------+-------+-------+-------+----------------------

Table legend: (Time is in decaauts)
 A = Elapsed time spent in this place.
 B = Non-inter-level travel time spent in this place.
 C = Inter-level travel time spent in this place.
 D = Time resting spent in this place.
 E = Time spent auto-exploring this place.
 F = Levels seen in this place.
 G = Mean time per level.
                   A        B        C        D        E       F      G
               +--------+--------+--------+--------+--------+-----+--------+
         Total |   2722 |   2686 |     36 |     74 |   1879 |   5 |  544.4 |
       Dungeon |   2722 |   2686 |     36 |     74 |   1879 |   5 |  544.4 |
               +--------+--------+--------+--------+--------+-----+--------+

Top non-repeatable levels by time:
     D:2: 905 daAuts
     D:1: 831 daAuts
     D:3: 522 daAuts
     D:4: 355 daAuts
     D:5: 107 daAuts
